 Dungeon Crawl Stone Soup version 0.31-a0-590-g8a5a4361df (webtiles) character file.

Game seed: 2023801277068568300

23 Gelion the Changeling (level 2, -1/18 HPs)
             Began as an Octopode Shapeshifter on Aug 19, 2023.
             Slain by a worm (9 damage)
             ... on level 2 of the Dungeon.
             The game lasted 00:01:16 (846 turns).

Gelion the Changeling (Octopode Shapeshifter)        Turns: 846, Time: 00:01:17

Health: -1/18      AC:  1    Str: 14    XL:     2   Next: 95%
Magic:  2/2        EV: 13    Int: 10    God:
Gold:   57         SH:  0    Dex: 12    Spells: 1/1 levels left

rFire   . .          .
                       - Unarmed
rCold   . . .        (no shield)
rNeg    . . .        (helmet currently unavailable)
rPois   .            (no amulet)
rElec   .            (no ring)
rCorr   .            (no ring)
SInv    .            (no ring)
Will    .....        (no ring)
Stlth   ++           (no ring)
HPRegen 0.23/turn    (no ring)
MPRegen 0.08/turn    (no ring)
                     (no ring)

%: no passive effects
@: beast-form
A: beast (slay +2), almost no armour, amphibious, 8 rings, camouflage 1,
gelatinous body 1, (nimble swimmer 1), tentacles
a: Begin Untransformation


You were on level 2 of the Dungeon.
You were a hulking beast.
You visited 1 branch of the dungeon, and saw 2 of its levels.

You collected 57 gold pieces.

Inventory:

Armour
 d - a +0 kite shield
Talismans
 b - a beast talisman (active)
 c - a flux talisman
Scrolls
 e - 2 scrolls of identify {unknown}
 f - a scroll of butterflies {unknown}
 h - a scroll of fear {unknown}
 j - a scroll of enchant weapon {unknown}
 k - a scroll of fog {unknown}
Potions
 a - a potion of lignification
 g - a potion of haste {unknown}
 i - a potion of brilliance {unknown}


   Skills:
 + Level 1.5 Fighting
 - Level 2.0 Dodging
 + Level 3.2 Unarmed Combat
 * Level 3.4 Shapeshifting


You had one spell level left.
You didn't know any spells.
Your spell library contained the following spells:

 Spells                   Type           Power      Damage    Failure   Level
 Blink                    Tloc           0%         N/A       50%         2
 Portal Projectile        Hex/Tloc       0%         N/A       75%         3
 Starburst                Conj/Fire      0%         6d3       100%        6


Dungeon Overview and Level Annotations

Branches:
Dungeon (2/15)

Altars:


Innate Abilities, Weirdness & Mutations

You are a hulking beast.
Your limbs bulge with bestial killing power. (Slay +2)
You cannot wear most types of armour.
You are amphibious.
You can wear up to eight rings at the same time.
Your skin changes colour to match your surroundings (Stealth+).
Your rubbery body absorbs attacks. (AC +1, EV +1)
((You are camouflaged when in or above water. (Stealth+)))
You have tentacles for arms and can constrict up to eight enemies at once.


Message History

You miss the jackal. You grab the jackal.
The jackal is heavily wounded.
You constrict the jackal. The jackal closely misses you.
You barely miss the jackal.
The jackal is severely wounded.
You constrict the jackal.
You kill the jackal!
You closely miss the jackal. Your grab misses the jackal.
The jackal closely misses you. x2
You tentacle-slap the jackal but do no damage.
Your grab misses the jackal. The jackal barely misses you.
You closely miss the jackal. You grab the jackal.
You tentacle-slap the jackal, but do no damage.
You squeeze the jackal.
You kill the jackal!
No target in view!
No target in view!
You see here a jackal corpse.
An endoplasm comes into view.
You tentacle-slap the endoplasm.
You kill the endoplasm!
No target in view!
No target in view!
HP restored.
A hobgoblin comes into view.
The hobgoblin shouts!
A worm comes into view.
You bludgeon the hobgoblin!
You kill the hobgoblin!
You see here a hobgoblin corpse.
The worm bites you!
Ouch! That really hurt!
You are too injured to fight recklessly!
You are too injured to fight recklessly!
You are too injured to fight recklessly!
You barely miss the worm. You grab the worm. You squeeze the worm!
The worm is heavily wounded.
You constrict the worm. The worm bites you!
Ouch! That really hurt!
You die...

# #.....###.#.#
#.. #
#.#....#..#.#
##... #
#.##.##..#..#.#...
# . #.###.##.#...
# .. ..#
#.#..#.##### # ##
#### #...........
# ###...###### #
##†## # #h# #
#.w.# #### ##
#.....# .... ..
#.......# ...# .#
#.......... ##.#
..# ##.......#.#
##.##..##.#
#...........
...........
......###.##
##..#####..


You could see a worm.

Vanquished Creatures
  2 bats (D:1)
  2 endoplasms
  3 goblins (D:1)
  3 hobgoblins
  3 jackals (D:2)
  A kobold (D:1)
  A ball python (D:1)
  3 frilled lizards (D:1)
  A rat (D:1)
19 creatures vanquished.

Notes
Turn   | Place    | Note
-------+----------+-------------------------------------------
     0 | D:1      | Gelion the Octopode Shapeshifter began the quest for the
                  | Orb.
     0 | D:1      | Reached XP level 1. HP: 13/13 MP: 1/1
   225 | D:1      | Found a faded altar of an unknown god.
   294 | D:1      | Reached XP level 2. HP: 10/18 MP: 2/2
   763 | D:2      | Got the Almanac of the Bonfire and the Door
   846 | D:2      | Slain by a worm

Illustrated notes

Levels and vault maps discovered:
D:1:      kilobyte_arrival_exit_the_forest, layout_basic, serial_glass,
          glass_columns_b, glass_columns_b, glass_columns_c, glass_columns_a,
          glass_columns_b, shapermc_ecumenical_altar_notcrosses
D:2:      layout_loops_ring, minmay_cut_off

Action                     || total
---------------------------++-------
  Melee: Unarmed           ||    38
         Constrict         ||    10
         Tentacles         ||     3
         Punch             ||     1
   Stab: Sleeping          ||     2
 Armour: Skin              ||     1
  Dodge: Dodged            ||    19

Table legend: (Time is in decaauts)
 A = Elapsed time spent in this place.
 B = Non-inter-level travel time spent in this place.
 C = Inter-level travel time spent in this place.
 D = Time resting spent in this place.
 E = Time spent auto-exploring this place.
 F = Levels seen in this place.
 G = Mean time per level.
                   A        B        C        D        E       F      G
               +--------+--------+--------+--------+--------+-----+--------+
         Total |    843 |    796 |     47 |      0 |    664 |   2 |  421.5 |
       Dungeon |    843 |    796 |     47 |      0 |    664 |   2 |  421.5 |
               +--------+--------+--------+--------+--------+-----+--------+

Top non-repeatable levels by time:
     D:1: 718 daAuts
     D:2: 125 daAuts
